 Dungeon Sprint DCSS version 0.30-a0-782-ge64f9170bb (webtiles) character file.

Game seed: 2760452683082558812

641 theswoord the Skirmisher (level 7, -6/50 HPs)
             Began as a Demonspawn Hunter on Mar 15, 2023.
             Was a Follower of Qazlal.
             Shot with a bolt by an orc warrior (10 damage)
             ... in the Dungeon (Sprint IX: "|||||||||||||||||||||||||||||").
             The game lasted 00:02:29 (340 turns).

theswoord the Skirmisher (Demonspawn Hunter)         Turns: 340, Time: 00:02:29

Health: -6/50      AC:  5    Str: 13    XL:     7   Next: 26%
Magic:  7/7        EV: 12    Int: 11    God:    Qazlal [*.....]
Gold:   0          SH:  1    Dex: 21    Spells: 6/6 levels left

rFire   . . .      SeeInvis .    p - +0 lajatang (distort)
rCold   . . .      Faith    .    (shield currently unavailable)
rNeg    . . .      Spirit   .    c - +0 leather armour
rPois   .          Reflect  .    (helmet restricted)
rElec   .          Harm     .    (no cloak)
rCorr   .          Rampage  .    (no gloves)
Will    .....      NoTele   +    (no boots)
Stlth   +++                      (no amulet)
HPRegen 1.28/turn                m - +2 ring of protection
MPRegen 0.10/turn                n - +3 ring of dexterity

@: on berserk cooldown, slowed, invisible, very slow
A: antennae 1, thin skeletal structure 1, powered by death 1, demonic magic 1
a: Renounce Religion


You were in the Dungeon.
You worshipped Qazlal.
Qazlal was aware of your devotion.
You visited 1 branch

Inventory:

Hand Weapons
 a - a +0 shortbow
 p - a +0 lajatang of distortion (weapon)
Armour
 c - a +0 leather armour (worn)
 k - a +0 pair of boots
 l - a +0 pair of boots
 o - a +1 chain mail of positive energy
Jewellery
 m - a +2 ring of protection (left hand)
 n - a +3 ring of dexterity (right hand)
Wands
 j - a wand of roots (10)
Scrolls
 f - 2 scrolls of amnesia
 i - a scroll of blinking
Potions
 d - 4 potions of curing
 e - a potion of heal wounds
 g - 4 potions of magic


   Skills:
 - Level 2.0 Fighting
 + Level 9.4 Staves
 - Level 11.6 Ranged Weapons
 - Level 1.7 Dodging
 - Level 0.8 Stealth


You had 6 spell levels left.
You didn't know any spells.
Your spell library was empty.

Dungeon Overview and Level Annotations

Branches:
Dungeon (1/1)

Altars:
Cheibriados
Dithmenos
Fedhas
Gozag
Hepliaklqana
Kikubaaqudgha
Makhleb
Nemelex Xobeh
Okawaru
Qazlal
Ru
Sif Muna
Trog
Uskayaw
Vehumet
Wu Jian
Xom
Yredelemnul
Jiyva
Lugonu


Innate Abilities, Weirdness & Mutations

You have a pair of small antennae on your head.
You have a somewhat thin skeletal structure. (Dex +2, Stealth+)
You regenerate a little health from kills.
Spells you cast may paralyse adjacent enemies.


Message History

The troll shouts!
Things that are here:
a +0 giant club; a +0 giant club You feel a strong urge to attack something.
You catch the helpless orc warrior completely off-guard!
You slice the orc warrior!!
The orc warrior blinks!
You are no longer berserk.
You are exhausted.
You feel yourself slow down.
The orc warrior shoots a bolt.
The bolt closely misses you.
The bolt barely misses the centaur.
The bolt barely misses the troll.
The centaur hits you. The centaur closely misses you.
The orc warrior shoots a bolt.
The bolt hits you! The centaur barely misses you.
The centaur kicks you but does no damage.
You closely miss the centaur.
The orc warrior shoots a bolt.
The bolt closely misses you.
The bolt hits the centaur!
The centaur misses you. The centaur kicks you.
The orc warrior shoots a bolt.
The bolt hits you!!
* * * LOW HITPOINT WARNING * * *
You slash the centaur!
You kill the centaur!
Qazlal accepts your kill.
The orc warrior shoots a bolt.
The bolt closely misses you.
The bolt hits the troll!
You slash the troll!
The troll blinks!
The troll bites you but does no damage. The troll claws you.
* * * LOW HITPOINT WARNING * * *
The troll completely misses you.
The orc warrior shoots a bolt.
The bolt barely misses you.
The bolt closely misses the troll.
The bolt hits the gnoll sergeant but does no damage.
The troll bites you.
* * * LOW HITPOINT WARNING * * *
The troll closely misses you. The troll barely misses you.
You slash the troll!
Space warps around the troll!
You kill the troll!
Qazlal accepts your kill.
You are now surrounded by a storm.
The orc warrior shoots a bolt.
The bolt barely misses you.
The bolt hits the gnoll sergeant but does no damage.
The orc warrior shoots a bolt.
The bolt hits you!
You die... ▓▓▓▓▓▓▓▓▓▓▓▓▓▓▓▓▓▓▓▓▓ ___'..)....o.').@g..+ ▓▓▓▓▓▓▓▓▓▓▓▓▓▓▓▓▓▓▓▓▓

You could see an orc warrior (unable to see you) and a gnoll sergeant (wandering, unable to see you).

Vanquished Creatures
  A two-headed ogre (D)
  A troll (D)
  2 ogres (D)
  A centaur (D)
  A scorpion (D)
  A white imp (D)
  A worm (D)
  An endoplasm (D)
  2 hobgoblins (D)
  A quokka (D)
  A bat (D)
13 creatures vanquished.

Vanquished Creatures (others)
  An unseen horror (D)
1 creature vanquished.

Grand Total: 14 creatures vanquished

Notes
Turn   | Place    | Note
-------+----------+-------------------------------------------
     0 | D        | theswoord the Demonspawn Hunter began the quest for the
                  | Orb.
     0 | D        | Reached XP level 1. HP: 16/16 MP: 1/1
     8 | D        | Reached skill level 4 in Ranged Weapons
    20 | D        | Reached skill level 5 in Ranged Weapons
    65 | D        | Noticed a scorpion
    65 | D        | Noticed an ogre
    65 | D        | Noticed an ogre
    76 | D        | Gained mutation: You have a somewhat thin skeletal
                  | structure. (Dex +2, Stealth+) [demonic ancestry]
    76 | D        | Reached XP level 2. HP: 15/22 MP: 2/2
    82 | D        | Killed a scorpion
    83 | D        | Reached skill level 8 in Ranged Weapons
    83 | D        | Reached XP level 3. HP: 16/27 MP: 3/3
    94 | D        | Killed an ogre
    95 | D        | Reached skill level 10 in Ranged Weapons
    95 | D        | Gained mutation: You have a pair of small antennae on your
                  | head. [demonic ancestry]
    95 | D        | Reached XP level 4. HP: 22/33 MP: 4/4
    95 | D        | Reached XP level 5. HP: 25/38 MP: 5/5
   105 | D        | Killed an ogre
   106 | D        | Reached skill level 11 in Ranged Weapons
   158 | D        | Found a snail-covered altar of Cheibriados.
   158 | D        | Found a shadowy altar of Dithmenos.
   158 | D        | Found a blossoming altar of Fedhas.
   158 | D        | Found an opulent altar of Gozag.
   159 | D        | Found a hazy altar of Hepliaklqana.
   160 | D        | Found a viscous altar of Jiyva.
   161 | D        | Found an ancient bone altar of Kikubaaqudgha.
   162 | D        | Found a corrupted altar of Lugonu.
   163 | D        | Found a burning altar of Makhleb.
   164 | D        | Found a sparkling altar of Nemelex Xobeh.
   165 | D        | Found an iron altar of Okawaru.
   166 | D        | Found a stormy altar of Qazlal.
   167 | D        | Found a sacrificial altar of Ru.
   168 | D        | Found a shimmering blue altar of Sif Muna.
   169 | D        | Found a bloodstained altar of Trog.
   170 | D        | Found a hide-covered altar of Uskayaw.
   171 | D        | Found a radiant altar of Vehumet.
   172 | D        | Found an ornate altar of the Wu Jian Council.
   173 | D        | Found a shimmering altar of Xom.
   174 | D        | Became a worshipper of Qazlal Stormbringer
   175 | D        | Found a basalt altar of Yredelemnul.
   320 | D        | Noticed an orc warrior
   320 | D        | Noticed a two-headed ogre
   320 | D        | Noticed a centaur
   320 | D        | Noticed a troll
   327 | D        | Killed an unseen horror
   328 | D        | Gained mutation: Spells you cast may paralyse adjacent
                  | enemies. [demonic ancestry]
   328 | D        | Reached XP level 6. HP: 10/44 MP: 6/6
   332 | D        | Killed a two-headed ogre
   333 | D        | Gained mutation: You regenerate a little health from kills.
                  | [demonic ancestry]
   333 | D        | Reached XP level 7. HP: 50/50 MP: 7/7
   339 | D        | HP: 2/50 [troll (4)]
   340 | D        | Killed a troll
   340 | D        | Reached * piety under Qazlal
   340 | D        | Shot with a bolt by an orc warrior

Skill      XL: |  1  2  3  4  5  6 |
---------------+-------------------+-----
Ranged Weapons | 5 8 10 11 | 11.6
Staves         | 6 9 |  9.4
Fighting       | |  2.0
Dodging        | |  1.7
Stealth        | |  0.8

Action                     |  1- 3 |  4- 6 |  7- 9 || total
---------------------------+-------+-------+-------++-------
  Melee: Lajatang          |       |     5 |     5 ||    10
   Fire: Shortbow          |    41 |    11 |       ||    52
    Use: Potion            |     2 |     4 |       ||     6
         Scroll            |     2 |       |       ||     2
   Stab: Invisible         |       |       |     1 ||     1
 Armour: Leather armour    |     4 |     2 |     2 ||     8
  Dodge: Dodged            |     7 |     3 |    11 ||    21

Levels and vault maps discovered:
D:        linesprint [early_d, line_temple, items_1, d_10, items_2, lair_1,
          lair_end, items_3, orc_1, orc_end, items_4, d_15, swamp_1, shoals_1,
          snake_1, spider_1, d_20, vaults_1, items_5, swamp_end, shoals_end,
          snake_end, spider_end, vaults_end, d_27, items_6, zot_1, zot_end,
          crypt_end, forest_end, elf_end, slime_end, tomb_end, abyss_end,
          pan_hell_end]
